 Dungeon Crawl Stone Soup version 0.19-a0-277-g85cb9a5 (webtiles) character file.

35274 ololoev the Jinx (level 13, 0/58 HPs)
             Began as a Spriggan Enchanter on May 26, 2016.
             Was a High Priest of Dithmenos.
             Slain by a hill giant
             ... wielding a +0 giant spiked club
              (27 damage)
             ... on level 14 of the Dungeon.
             The game lasted 00:54:06 (18070 turns).

ololoev the Jinx (Spriggan Enchanter)              Turns: 18070, Time: 00:54:07

Health: 0/58       AC:  6    Str:  7    XL:     13   Next: 46%
Magic:  3/31       EV: 30    Int: 17    God:    Dithmenos [*****.]
Gold:   654        SH:  0    Dex: 18    Spells: 7 memorised, 18 levels left

rFire  . . .     SeeInvis +     a - +2 dagger (elec)
rCold  + . .     Gourm    .     P - +2 robe of the Gloaming {rElec MR+ rCorr Stlth-}
rNeg   . . .     Faith    .     (shield restricted)
rPois  +         Spirit   .     b - +0 hat {rC+}
rElec  +         Dismiss  .     J - +1 cloak
rCorr  +         Reflect  .     (gloves unavailable)
SustAt .         Harm     .     (boots unavailable)
MR     +++..                    (no amulet)
Stlth  +++++++++.               l - ring of poison resistance
                                C - +2 ring of evasion

@: wreathed by umbra, repel missiles, very quick, extremely resistant to hostile
enchantments, incredibly stealthy
A: unfitting armour, see invisible, herbivore 3, speed 3, slow metabolism 2
a: Shadow Step, Shadow Form, Renounce Religion


Innate Abilities, Weirdness & Mutations

You are tiny and cannot use many weapons and most armour.
You have supernaturally acute eyesight. (SInv)
You are a herbivore.
You cover ground extremely quickly.
You need consume almost no food.

Inventory:

Hand Weapons
 a - a +2 dagger of electrocution (weapon)
 R - the +7 demon trident "Voiraq" {vamp, rF+ MP+9 Dex+4, unknown}
   (You found it in an ice cave)

   It inflicts no extra harm, but heals its wielder somewhat when it strikes a
   living foe.
   It affects your dexterity (+4).
   It protects you from fire.
   It affects your magic capacity (+9).
Armour
 b - a +0 hat of cold resistance (worn)
 s - a troll hide
 J - a +1 cloak (worn)
 P - the +2 robe of the Gloaming (worn) {rElec MR+ rCorr Stlth-}
   (You bought it in a shop on level 12 of the Dungeon)

   It insulates you from electricity.
   It affects your resistance to hostile enchantments.
   It protects you from acid and corrosion.
   It makes you less stealthy.
Jewellery
 l - a ring of poison resistance (right hand)
 y - an uncursed ring of protection from magic
 C - a +2 ring of evasion (left hand)
 M - an uncursed ring of positive energy
Scrolls
 c - a scroll of torment {unknown}
 f - 4 scrolls of enchant armour {unknown}
 j - 16 scrolls of identify {unknown}
 m - 3 scrolls of fear {unknown}
 n - 5 scrolls of teleportation {unknown}
 o - 5 scrolls of remove curse {unknown}
 r - a scroll of summoning {unknown}
 t - a scroll of noise {unknown}
 u - 4 scrolls of fog {unknown}
 v - a scroll of blinking {unknown}
 A - 3 scrolls of immolation {unknown}
 B - 3 scrolls of magic mapping {unknown}
 F - a scroll of random uselessness {unknown}
 K - 2 scrolls of vulnerability {unknown}
 O - a scroll of recharging {unknown}
 Q - 4 scrolls of enchant weapon {unknown}
Potions
 e - 3 potions of haste {unknown}
 g - 5 potions of agility {unknown}
 h - 3 potions of degeneration {unknown}
 i - 2 potions of cure mutation {unknown}
 k - a potion of ambrosia {unknown}
 p - 3 potions of brilliance {unknown}
 q - 4 potions of flight {unknown}
 w - 3 potions of mutation {unknown}
 x - 5 potions of might {unknown}
 z - 3 potions of heal wounds {unknown}
 D - 2 potions of curing {unknown}
 E - a potion of berserk rage {unknown}
 I - a potion of magic {unknown}
 L - 2 potions of lignification {unknown}
Miscellaneous
 N - an ornate deck of wonders {drawn: 2}
 S - a phial of floods
Comestibles
 d - 8 bread rations
 G - 7 royal jellies
 H - 11 fruits


   Skills:
 + Level 2.1 Fighting
 * Level 12.1 Short Blades
 + Level 3.5 Armour
 + Level 12.0 Dodging
 + Level 13.3 Stealth
 - Level 13.1 Spellcasting
 * Level 13.6 Hexes
 + Level 1.7 Invocations


You had 18 spell levels left.
You knew the following spells:

 Your Spells              Type           Power        Failure   Level  Hunger
a - Corpse Rot            Necr           N/A          12%         2    None
b - Ensorcelled Hibernat  Hex/Ice        ####..       1%          2    None
c - Confuse               Hex            ######..     1%          3    None
d - Tukima's Dance        Hex            ######..     1%          3    None
e - Warp Weapon           Chrm/Tloc      ##........   99%         5    ####...
r - Repel Missiles        Chrm/Air       ##....       12%         2    None
s - Dazzling Spray        Conj/Hex       ####..       1%          3    None


You were on level 14 of the Dungeon.
You worshipped Dithmenos.
Dithmenos was extremely pleased with you.
You were not hungry.

You visited 2 branches of the dungeon, and saw 15 of its levels.
You also visited: Ice Cave.

You collected 836 gold pieces.
You spent 182 gold pieces at shops.

###########
#.........#
#......§§.+
......§§C§#
#.....§§@.#
#.....§§§§#
#.....§§§.#
######'###
#..# #. ##.#
#.## #.##
#>.# #(.#
#####.#
########.###
#......

Notes
Turn   | Place    | Note
--------------------------------------------------------------
     0 | D:1      | ololoev the Spriggan Enchanter began the quest for the Orb.
     0 | D:1      | Reached XP level 1. HP: 9/9 MP: 5/5
   190 | D:1      | Reached XP level 2. HP: 13/13 MP: 6/6
   195 | D:1      | Learned a level 2 spell: Ensorcelled Hibernation
  1084 | D:2      | Found an iron altar of Okawaru.
  1184 | D:2      | Learned a level 2 spell: Repel Missiles
  1385 | D:2      | Reached XP level 3. HP: 16/16 MP: 4/8
  1390 | D:2      | Learned a level 3 spell: Confuse
  2390 | D:3      | jacquesderrida: oooo
  2390 | D:3      | jacquesderrida: Лимурчик.......
  2390 | D:3      | ololoev: yo
  2406 | D:3      | Reached XP level 4. HP: 21/21 MP: 7/9
  2417 | D:3      | jacquesderrida: аууууу
  2435 | D:3      | Found an opulent altar of Gozag.
  2525 | D:3      | jacquesderrida: Хай лимурчие, че делаиш...
  2525 | D:3      | ololoev: лимурчаю
  2525 | D:3      | ololoev: потихоньку
  2529 | D:3      | jacquesderrida: ясн)))
  2531 | D:3      | Reached skill level 5 in Stealth
  2536 | D:3      | jacquesderrida: а я прост)))
  2536 | D:3      | ololoev: дупзер
  2536 | D:3      | ololoev: онтология витгенштейна!
  2848 | D:3      | Found an oddly glowing altar of Pakellas.
  2875 | D:3      | jacquesderrida: че
  2890 | D:3      | jacquesderrida: откуда про витгенштейна знаиш
  2891 | D:3      | jacquesderrida: аткуда*
  2908 | D:4      | Noticed an ogre
  2909 | D:4      | ololoev: ну так
  2909 | D:4      | ololoev: знатный чел
  2909 | D:4      | ololoev: был
  2912 | D:4      | Killed an ogre
  2912 | D:4      | Reached XP level 5. HP: 23/24 MP: 8/11
  2924 | D:4      | Found a deep blue altar of Sif Muna.
  2942 | D:4      | Noticed an ogre
  2944 | D:4      | jacquesderrida: бля лалеер...
  2948 | D:4      | Killed an ogre
  2948 | D:4      | Reached skill level 5 in Hexes
  2948 | D:4      | Reached XP level 6. HP: 28/28 MP: 5/13
  2949 | D:4      | jacquesderrida: логик че ли
  2949 | D:4      | ololoev: кто?
  2949 | D:4      | jacquesderrida: эххххххх
  2949 | D:4      | jacquesderrida: ТИ
  2949 | D:4      | ololoev: витгенштейн?
  2949 | D:4      | ololoev: философ был
  2949 | D:4      | ololoev: а я математик
  2949 | D:4      | ololoev: нас на 5м курсе заставляли ботать витгенштейнов всяких
  2949 | D:4      | jacquesderrida: Лалиев предпочитает всем видам познания синтетические априорные суждения......
  2949 | D:4      | ololoev: типа философия для всех
  2949 | D:4      | ololoev: о боже мой нет!
  2949 | D:4      | jacquesderrida: Но ведь В. это философия для математиков...
  2949 | D:4      | ololoev: я все эти априорные апостериорные синтетические каузальные хрени стараюсь не вспоминать
  2949 | D:4      | jacquesderrida: пачиму...
  2949 | D:4      | ololoev: ну как бы много мути
  2949 | D:4      | ololoev: там спекуляции всякие
  2949 | D:4      | ololoev: бессмысленные
  2949 | D:4      | ololoev: вот витгенштейн со своей онтологией знатный чел был
  2949 | D:4      | ololoev: реальную проблему поставил
  2949 | D:4      | ololoev: как познавать предметы и прочее
  2949 | D:4      | jacquesderrida: Ну-ка, слышен ли звук падающего дерева в безлюдном лесу...
  2949 | D:4      | ololoev: ну слышен это именно кем-то
  2949 | D:4      | jacquesderrida: Нарм, без кантианской гносеологии и людвига бы никакого не было...
  2949 | D:4      | ololoev: если заяц считается то слышен
  2949 | D:4      | jacquesderrida: Все фелосавы нужны, все фелосавы важны...
  2949 | D:4      | ololoev: ща
  2949 | D:4      | ololoev: мне надо свалить
  2949 | D:4      | ololoev: на полчасика
  2949 | D:4      | ololoev: но мы продолжим
  2949 | D:4      | jacquesderrida: Заяц не будет считать, вродь
  2949 | D:4      | jacquesderrida: У него апперцепция не сработает, и слишимость звука не будет зарегистрирована...
  2949 | D:4      | jacquesderrida: Ну это как вариант!
  2949 | D:4      | jacquesderrida: лан я пойду трубку курить да бладлайн досмотреть надо...
  3414 | D:4      | Found a burning altar of Makhleb.
  3416 | D:4      | Found a glowing silver altar of Zin.
  3416 | D:4      | Noticed an angel
  3417 | D:4      | Noticed an Executioner
  3961 | D:5      | Entered Level 5 of the Dungeon
  3984 | D:5      | Found a hazy altar of Hepliaklqana.
  4005 | D:5      | Reached skill level 5 in Dodging
  4022 | D:5      | Noticed Yermak's ghost (novice OgAE)
  4221 | D:5      | Noticed Crazy Yiuf
  4228 | D:5      | Killed Crazy Yiuf
  4228 | D:5      | Reached XP level 7. HP: 32/32 MP: 11/15
  4305 | D:5      | Reached skill level 5 in Spellcasting
  4504 | D:5      | Killed Yermak's ghost
  4504 | D:5      | Reached skill level 5 in Short Blades
  4504 | D:5      | Reached XP level 8. HP: 34/36 MP: 8/18
  5971 | D:7      | Reached XP level 9. HP: 18/39 MP: 10/20
  6214 | D:7      | Found a bloodstained altar of Trog.
  6281 | D:7      | Noticed Pikel
  6285 | D:7      | Killed Pikel
  6288 | D:7      | Found a staircase to the Ecumenical Temple.
  6297 | Temple   | Entered the Ecumenical Temple
  6340 | Temple   | Became a worshipper of Dithmenos the Shadowed
  6570 | D:7      | Learned a level 3 spell: Tukima's Dance
  6574 | D:7      | Learned a level 3 spell: Dazzling Spray
  6667 | D:7      | Found an iron altar of Okawaru.
  7236 | D:8      | Reached * piety under Dithmenos
  7521 | D:6      | DEFE: sup
  7525 | D:6      | DEFE: а зачем
  7525 | D:6      | ololoev: yo
  7525 | D:6      | DEFE: SpEn?
  7525 | D:6      | ololoev: дупз
  7525 | D:6      | ololoev: буду ото всех убегать
  7536 | D:6      | DEFE: а доместос?
  7538 | D:6      | ololoev: чтобы убегать в форме тени
  7538 | D:6      | DEFE: лол
  7538 | D:6      | DEFE: Может и проканает
  7538 | D:6      | DEFE: но в дупзе же надо лордов убить
  7538 | D:6      | DEFE: и змею
  7538 | D:6      | ololoev: не, это в духз
  7538 | D:6      | ololoev: а я в дупз
  7538 | D:6      | DEFE: а
  7541 | D:6      | DEFE: понял
  7582 | D:6      | Reached XP level 10. HP: 37/44 MP: 3/23
  8139 | D:8      | Reached ** piety under Dithmenos
  8319 | D:8      | Reached skill level 10 in Hexes
  8370 | D:8      | ololoev: о, мисфортуна
  8370 | D:8      | ololoev: заценю ка я гграв
  8370 | D:8      | ololoev: вроде его чинили когда-то
  8374 | D:8      | Learned a level 3 spell: Gell's Gravitas
  8535 | D:8      | Found a snail-covered altar of Cheibriados.
  8538 | D:8      | Found a shattered altar of Ashenzari.
  8541 | D:8      | Found a glowing golden altar of the Shining One.
  8544 | D:8      | Found a stormy altar of Qazlal.
  8598 | D:8      | Found a sacrificial altar of Ru.
  8614 | D:8      | DEFE: топ юзлесс же
  8619 | D:8      | DEFE: разве нет
  8621 | D:8      | ololoev: им походу надо переставлять врагов
  8621 | D:8      | ololoev: если нужно
  8621 | D:8      | ololoev: не дамажит
  9441 | D:9      | Reached skill level 10 in Stealth
  9597 | D:9      | Noticed Grum
  9607 | D:9      | Killed Grum
  9607 | D:9      | Reached skill level 10 in Spellcasting
  9918 | D:9      | Reached *** piety under Dithmenos
  9957 | D:9      | Found a hide-covered altar to Ukayaw.
  9968 | D:9      | Found an ancient bone altar of Kikubaaqudgha.
  9989 | D:9      | Noticed Joseph
 10064 | D:9      | Killed Joseph
 10470 | D:10     | Entered Level 10 of the Dungeon
 11277 | D:10     | Noticed a hill giant
 11284 | D:10     | Killed a hill giant
 11284 | D:10     | Reached XP level 11. HP: 47/47 MP: 22/26
 11324 | D:10     | Noticed Maurice
 11332 | D:10     | Killed Maurice
 11824 | D:10     | Noticed a hill giant
 11861 | D:10     | Killed a hill giant
 11917 | D:10     | Found a staircase to the Lair.
 11945 | D:10     | Found a staircase to the Orcish Mines.
 12335 | D:10     | Reached **** piety under Dithmenos
 12460 | D:11     | Reached skill level 10 in Dodging
 12699 | D:11     | Reached skill level 10 in Short Blades
 12972 | D:11     | Noticed a hill giant
 12978 | D:11     | Killed a hill giant
 13223 | D:11     | Noticed a cyan ugly thing
 13231 | D:11     | Reached skill level 1 in Armour
 13311 | D:11     | Killed a cyan ugly thing
 13311 | D:11     | Reached XP level 12. HP: 26/51 MP: 18/28
 13662 | D:11     | Found a blossoming altar of Fedhas.
 13982 | D:12     | Identified the Tome of Sand
 14040 | D:12     | Identified Ts'ui Pên's Grimoire of Forking Paths
 14052 | D:12     | Identified the Volume of Plaster Cramp
 14107 | D:12     | Found Najinkefuff's Assorted Antiques.
 14115 | D:12     | Bought an opalescent robe for 182 gold pieces
 14125 | D:12     | Identified the +2 robe of the Gloaming {rElec MR+ rCorr Stlth-} (You bought it in a shop on level 12 of the Dungeon)
 14611 | D:13     | Found a gate to the Vaults.
 15435 | D:13     | Reached ***** piety under Dithmenos
 15579 | D:13     | Learned a level 2 spell: Corpse Rot
 15727 | D:13     | Noticed a catoblepas
 15729 | D:13     | Killed a catoblepas
 15891 | D:13     | Learned a level 5 spell: Warp Weapon
 16027 | D:13     | Noticed a centaur warrior
 16031 | D:13     | Killed a centaur warrior
 16393 | D:14     | Noticed a centaur warrior
 16395 | D:14     | Killed a centaur warrior
 16395 | D:14     | Reached skill level 1 in Fighting
 16455 | D:14     | Reached XP level 13. HP: 56/56 MP: 24/30
 16534 | D:14     | Noticed Louise
 16606 | D:14     | Killed Louise
 16635 | D:14     | Found a frozen archway.
 16823 | IceCv    | Entered an ice cave
 17001 | IceCv    | Drew Focus: Dex increased to 18, Str decreased to 7
 17696 | IceCv    | Reached skill level 1 in Invocations
 17706 | IceCv    | Got a smoking demon trident
 17995 | D:14     | Noticed Maud
 18020 | D:14     | Killed Maud
 18070 | D:14     | Slain by a hill giant

Dungeon Overview and Level Annotations

Branches:
Dungeon (14/15)            Temple (1/1) D:7            Lair (0/8) D:10
    Orc (0/2) D:10         Vaults (0/5) D:13

Altars:
Ashenzari
Cheibriados
Dithmenos
Elyvilon
Fedhas
Gozag
Hepliaklqana
Kikubaaqudgha
Makhleb
Okawaru
Pakellas
Qazlal
Ru
Sif Muna
Trog
Ukayaw
Yredelemnul
Zin
The Shining One

Shops:
D:12 *


Message History

The sky beast resists with significant effort.
The sky beast misses you.
Casting: Ensorcelled Hibernation
Confirm with . or Enter, or press ? or * to list all spells.
Aiming: Ensorcelled Hibernation
Press: ? - help, Shift-Dir - straight line, f/p - sky beast
Aim: a sky beast (slightly transparent, umbra, chance to defeat MR: 62%)
The sky beast looks drowsy...
The helpless sky beast fails to defend itself.
You skewer the sky beast like a kebab!!!!
You kill the sky beast!
Dithmenos accepts your kill.
You catch the helpless Maud completely off-guard!
You spit Maud like a pig!!!
Maud is moderately wounded.
You strike the helpless Maud from behind!
You skewer Maud like a kebab!!!
There is a sudden explosion of sparks!
Maud is almost dead.
You hit Maud but do no damage.
Maud is almost dead.
You hit Maud but do no damage.
Maud is almost dead.
Maud thinks out loud, "I seem to be forgetting something..."
You catch the helpless Maud completely off-guard!
You spit Maud like a pig!!!
You kill Maud!
Dithmenos accepts your kill.
Your Fighting skill increases to level 2!
Your Dodging skill increases to level 12!
No target in view!
Things that are here:
a double sword of electrocution; a chain mail; a sky beast corpse
T - a double sword of electrocution Unknown command.
You drop a double sword of electrocution.
x - 5 silvery potions (gained 1)
You enter the shallow water.
Moving in this stuff is going to be slow.
You now have 654 gold pieces (gained 10).
A cyclops comes into view.
The helpless cyclops fails to defend itself.
You skewer the cyclops like a kebab!!!!!
You kill the cyclops!
Dithmenos accepts your kill.
Things that are here:
5 large rocks; a cyclops corpse You open the door.
A hill giant comes into view. It is wielding a giant spiked club.
A hill giant is nearby!
There is an open door here.
The hill giant shouts!
You hear a bark!
You hit the hill giant but do no damage.
The hill giant completely misses you.
Casting: Ensorcelled Hibernation
Confirm with . or Enter, or press ? or * to list all spells.
Aiming: Ensorcelled Hibernation
Press: ? - help, Shift-Dir - straight line, f - hill giant
Aim: a hill giant, wielding a giant spiked club (umbra, chance to defeat MR: 45%)
The hill giant resists with some effort.
Your shadow mimicks your spell!
The hill giant easily resists.
Casting: Ensorcelled Hibernation
Confirm with . or Enter, or press ? or * to list all spells.
Aiming: Ensorcelled Hibernation
Press: ? - help, Shift-Dir - straight line, f/p - hill giant
Aim: a hill giant, wielding a giant spiked club (umbra, chance to defeat MR: 45%)
The hill giant resists with some effort.
The hill giant hits you with a giant spiked club!!
Ouch! That really hurt!
You emit a cloud of dark smoke.
Casting: Ensorcelled Hibernation
Confirm with . or Enter, or press ? or * to list all spells.
Aiming: Ensorcelled Hibernation
Press: ? - help, Shift-Dir - straight line, f/p - hill giant
Aim: a hill giant, wielding a giant spiked club (black smoke, umbra, chance to defeat MR: 45%)
The hill giant resists with some effort.
Your shadow mimicks your spell!
The hill giant easily resists.
The hill giant hits you with a giant spiked club!!
You die...

You could see a hill giant.

Vanquished Creatures
  Maud (D:14)
  Louise (D:14)
  A catoblepas (D:13)
  3 centaur warriors
  A dancing weapon (D:13)
  2 tengu warriors (D:14)
  A wizard (D:12)
  An unseen horror (D:14)
  Pikel (D:7)
  4 hill giants
  2 ugly things
  4 deep elf magi
  The ghost of Yermak the Fighter, a novice OgAE of Trog (D:5)
  2 manticores
  4 cyclopes
  Joseph (D:9)
  Maurice (D:10)
  2 gargoyles (D:11)
  A kobold demonologist (D:13)
  2 efreet (D:14)
  9 ice devils (IceCv)
  3 two-headed ogres
  5 trolls
  4 slime creatures (D:13)
  A wyvern (D:11)
  19 yaks
  Grum (D:9)
  2 hungry ghosts
  2 soldier ants (D:8)
  2 water moccasins
  4 sky beasts
  3 wasps
  A phantom (D:14)
  4 eyes of draining
  6 orc warriors
  5 black bears
  14 ice beasts
  3 slaves (D:7)
  8 centaurs
  2 wolves (D:9)
  5 necrophages
  3 crocodiles
  6 ogres
  A big kobold (D:6)
  6 giant frogs
  A gnoll sergeant (D:6)
  A wyvern zombie (D:10)
  A wyvern skeleton (D:13)
  4 scorpions
  A water moccasin skeleton (D:7)
  3 killer bees (D:14)
  3 howler monkeys
  12 wights
  8 electric eels (D:10)
  3 crimson imps (D:12)
  3 giant frog zombies
  4 centaur zombies
  8 orc priests
  12 hounds
  2 gnoll shamans
  4 jellies
  19 orc wizards
  Crazy Yiuf (D:5)
  2 giant frog skeletons (D:11)
  3 iguanas
  8 worker ants
  A worker ant zombie (D:6)
  12 adders
  14 gnolls
  2 howler monkey skeletons (D:6)
  3 shadow imps
  6 white imps (IceCv)
  6 ufetubi (IceCv)
  An adder zombie (D:8)
  2 adder skeletons
  4 worms
  3 dart slugs
  5 giant geckos
  54 orcs
  10 bats
  4 giant cockroaches
  7 hobgoblins
  16 jackals
  7 quokkas
  A ball python (D:4)
  A giant gecko zombie (D:5)
  6 giant newts
  6 goblins
  12 kobolds
  6 rats
447 creatures vanquished.

Vanquished Creatures (others)
  4 white imps (IceCv)
  An ufetubus (IceCv)
  A bat (D:3)
6 creatures vanquished.

Grand Total: 453 creatures vanquished

Action                   |  1- 3 |  4- 6 |  7- 9 | 10-12 | 13-15 || total
-------------------------+-------+-------+-------+-------+-------++-------
Melee: Dagger            |   143 |    94 |   261 |   419 |   117 ||  1034
       Rapier            |       |       |       |    39 |       ||    39
Throw: Throwing net      |       |       |       |       |     2 ||     2
 Cast: Ensorcelled Hiber |    23 |    32 |   111 |   165 |    15 ||   346
       Repel Missiles    |     1 |       |       |     1 |       ||     2
       Corona            |     1 |       |       |       |       ||     1
       Confuse           |       |     3 |    15 |    63 |    32 ||   113
       Dazzling Spray    |       |       |       |    31 |    48 ||    79
       Gell's Gravitas   |       |       |       |     8 |       ||     8
       Tukima's Dance    |       |       |       |       |     1 ||     1
Invok: Shadow Step       |       |       |       |     3 |     2 ||     5
Evoke: Wand              |       |       |     1 |     6 |       ||     7
       Deck              |       |       |       |       |     2 ||     2
 Stab: Sleeping          |    25 |    29 |    78 |   152 |    14 ||   298
       Confused          |       |       |    14 |    35 |    12 ||    61
       Distracted        |       |       |     2 |     2 |       ||     4
       Invisible         |       |       |       |     2 |     9 ||    11
       Held in net/web   |       |       |       |       |     1 ||     1
  Eat: Bread ration      |       |     1 |     1 |       |       ||     2
       Royal jelly       |       |       |       |     1 |     1 ||     2
       Pizza             |       |       |       |     1 |     1 ||     2
Armor: Robe              |    32 |    13 |    22 |    12 |     2 ||    81
       Troll hide        |       |       |       |       |     1 ||     1
Dodge: Dodged            |   171 |    98 |   226 |   316 |    67 ||   878
       Deflected         |       |     2 |       |       |       ||     2

Vault maps used:
D:1:      dpeg_arrival_round_a, serial_forest, infiniplex_forest_clump_medium,
          infiniplex_forest_clump_large, infiniplex_forest_straight_3,
          infiniplex_forest_clump_large, infiniplex_forest_clump_curved,
          infiniplex_forest_end_2
D:2:      okawaru_ov_weapons_minmay
D:3:      marbit_many_paths, grunt_gozag_breadcrumbs
D:4:      grunt_temple_overflow_order_and_chaos_2,
          nicolae_overflow_hidden_temple, first_bread
D:5:      lemuel_ice_spiral_2, kennysheep_mini, minmay_stone_trees_small,
          uniq_crazy_yiuf_cottage
D:6:      kennysheep_housing_project
D:7:      old_standard_altar, trog_ov_bears_minmay,
          minmay_temple_entry_statues_pillars, uniq_pikel
D:8:      nicolae_ru_awakened_eye, grunt_temple_overflow_cloverleaf,
          hangedman_pestilent_swarm
D:9:      overflow_temple_1_default, kennysheep_little_box, uniq_grum,
          uniq_joseph
D:10:     erik_rubicon_b, lair_0_dummy, orc_0_dummy, uniq_maurice
D:11:     fedhas_altar_fruit_tree
D:12:     serial_shops, shop, bh_hangedman_babel_library
D:13:     wad_mega_maze, erik_vaults_1
D:14:     portal_ice_cave_entry_ice_beasts, serial_bayou_pond_a, uniq_louise,
          uniq_maud
Temple:   hc_temple_tempest_star
IceCv:    ice_cave_small_demon
